 Dungeon Crawl Stone Soup version 0.19-a0-1834-g6b7851e (webtiles) character file.

98842 poirepourri the Eclecticist (level 16, 0/83 HPs)
             Began as a Gargoyle Earth Elementalist on Oct 8, 2016.
             Was an Elder of Vehumet.
             Slain by a black mamba (10 damage)
             ... on level 3 of the Lair of Beasts on Oct 9, 2016.
             The game lasted 01:31:00 (46842 turns).

poirepourri the Eclecticist (GrEE)                 Turns: 46842, Time: 01:31:00

Health: 0/83       AC: 26    Str: 16    XL:     16   Next: 23%
Magic:  15/37      EV: 12    Int: 23    God:    Vehumet [****..]
Gold:   1531       SH:  0    Dex: 10    Spells: 7 memorised, 21 levels left

rFire  . . .     SeeInvis .     a - 170 stones
rCold  + . .     Gourm    .     A - +0 ring mail of the Forgotten Hells {+Inv MR+ Str-2}
rNeg   + + .     Faith    .     (no shield)
rPois  ∞         Spirit   .     i - +1 hat "Maonaw" {rN+ Regen+ Str+4}
rElec  +         Dismiss  +     u - +2 cloak
rCorr  +         Reflect  .     r - +1 pair of gloves
MR     ++++.     Harm     .     M - +1 pair of boots
Stlth  +++.......               K - amulet of dismissal
                                j - ring of resist corrosion
                                C - ring "Pon Leu" {rC+ MR++ Int+2}

@: no status effects
A: big wings, horns 1, negative energy resistance 1, electricity resistance,
unbreathing, petrification resistance, rot immunity, AC +11
a: Fly, Renounce Religion, Evoke Invisibility


You were on level 3 of the Lair of Beasts.
You worshipped Vehumet.
Vehumet was greatly pleased with you.
You were very hungry.

You visited 6 branches of the dungeon, and saw 25 of its levels.

You collected 1712 gold pieces.
You spent 181 gold pieces at shops.

Inventory:

Hand Weapons
 b - a +3 dire flail
 y - the +0 war axe of the Sage {protect, *Contam Int+3 Dex+3}
   (You found it on level 2 of the Lair of Beasts)

   It protects the one who uses it against injury (+AC on strike).
   It affects your intelligence (+3).
   It affects your dexterity (+3).
   It causes magical contamination when unequipped.
 G - a +1 mace of crushing
Missiles
 a - 170 stones (in hand)
 q - 128 bolts
Armour
 d - the +4 chain mail of the Clam {Str+7, unknown}
   (You found it on level 2 of the Lair of Beasts)

   It affects your strength (+7).
 i - the +1 hat "Maonaw" (worn) {rN+ Regen+ Str+4}
   (You acquired it on level 1 of the Lair of Beasts)

   It affects your strength (+4).
   It protects you from negative energy.
   It increases your rate of regeneration.
 r - a +1 pair of gloves (worn)
 u - a +2 cloak (worn)
 A - the +0 ring mail of the Forgotten Hells (worn) {+Inv MR+ Str-2}
   (You found it on level 7 of the Dungeon)

   It affects your strength (-2).
   It affects your resistance to hostile enchantments.
   It lets you turn invisible.
 M - a +1 pair of boots (worn)
 U - a +1 buckler of reflection
Jewellery
 f - an uncursed amulet of faith
 j - a ring of resist corrosion (right hand)
 o - a +1 ring of protection
 t - an uncursed ring of protection from magic
 w - a +5 ring of protection
 C - the ring "Pon Leu" (left hand) {rC+ MR++ Int+2}
   (You found it on level 9 of the Dungeon)

   [ring of protection from cold]

   It affects your intelligence (+2).
   It protects you from cold.
   It affects your resistance to hostile enchantments.
 K - an amulet of dismissal (around neck)
 O - a +4 amulet of reflection {unknown}
 V - an uncursed ring of ice
 X - a +5 ring of strength
Wands
 g - a wand of lightning (6/15)
 h - a wand of iceblast (5/15)
 p - a wand of disintegration (17/24)
 x - a wand of confusion (14/48)
 B - a wand of acid (3/15)
 L - a wand of slowing (10/48)
 N - a wand of iceblast (3/15)
 Q - a wand of lightning (8/15)
 S - a wand of flame (24/48)
 T - a wand of disintegration (10/24)
Scrolls
 l - 2 scrolls of holy word
 m - 2 scrolls of amnesia
 Z - a scroll of remove curse
Potions
 k - 2 potions of agility
 n - 5 potions of curing
 s - 2 potions of ambrosia
 z - 3 potions of flight
 D - a potion of degeneration {unknown}
 H - a potion of haste {unknown}
 I - 3 potions of berserk rage
 J - a potion of resistance {unknown}
 P - a potion of might
 R - 5 potions of lignification
 Y - 2 potions of cure mutation
Books
 c - a book of Beasts

   Spells                             Type                      Level
   a - Summon Butterflies             Summoning                    1
   b - Call Canine Familiar           Summoning                    3
   c - Summon Ice Beast               Ice/Summoning                4
   d - Summon Mana Viper              Hexes/Summoning              5
   e - Summon Hydra                   Summoning                    7
 e - a book of Geomancy

   Spells                             Type                      Level
   a - Sandblast                      Earth                        1
   b - Passwall                       Transmutation/Earth          2
   c - Stone Arrow                    Conjuration/Earth            3
   d - Petrify                        Transmutation/Earth          4
   e - Lee's Rapid Deconstruction     Earth                        5
 v - Kikubaaqudgha's Volume of Darkness
   (You found it on level 3 of the Dungeon)

   Spells                             Type                      Level
   a - Pain                           Necromancy                   1
 E - a book of Changes

   Spells                             Type                      Level
   a - Beastly Appendage              Transmutation                1
   b - Sticks to Snakes               Transmutation                2
   c - Spider Form                    Transmutation/Poison         3
   d - Ice Form                       Ice/Transmutation            4
   e - Blade Hands                    Transmutation                5
 W - a book of Necromancy

   Spells                             Type                      Level
   a - Pain                           Necromancy                   1
   b - Animate Skeleton               Necromancy                   1
   c - Vampiric Draining              Necromancy                   3
   d - Regeneration                   Charms/Necromancy            3
   e - Animate Dead                   Necromancy                   4
   f - Control Undead                 Necromancy                   4
Miscellaneous
 F - a phial of floods


   Skills:
 + Level 3.2 Fighting
 + Level 0.1 Throwing
 - Level 5.1 Armour
 + Level 4.8 Dodging
 + Level 8.8 Stealth
 + Level 17.3 Spellcasting
 + Level 10.7 Conjurations
 + Level 0.7 Transmutations
 + Level 17.2 Earth Magic
 + Level 0.1 Evocations


You had 21 spell levels left.
You knew the following spells:

 Your Spells              Type           Power        Failure   Level  Hunger
a - Sandblast             Erth           ######       0%          1    None
b - Passwall              Tmut/Erth      ######....   1%          2    None
c - Stone Arrow           Conj/Erth      ######       1%          3    None
d - Petrify               Tmut/Erth      ######..     1%          4    None
e - Lee's Rapid Deconstr  Erth           #######...   1%          5    None
f - Conjure Ball Lightni  Conj/Air       #####.....   36%         6    ####...
g - Spellforged Servitor  Conj/Summ      #####.....   94%         7    #####..


Dungeon Overview and Level Annotations

Branches:
Dungeon (13/15)            Temple (1/1) D:5            Lair (6/6) D:8
 Shoals (2/4) Lair:2        Snake (2/4) Lair:3        Slime (0/5) Lair:5
    Orc (1/2) D:11
 Vaults: D:13-14

Altars:
Ashenzari
Cheibriados
Dithmenos
Elyvilon
Fedhas
Gozag
Hepliaklqana
Kikubaaqudgha
Makhleb
Nemelex Xobeh
Okawaru
Qazlal
Ru
Sif Muna
Trog
Uskayaw
Vehumet
Xom
Yredelemnul
Zin
The Shining One
Jiyva

Shops:
D:9 :   D:11 [   D:12 (

Annotations:
Lair:5 1 runed door
Lair:6 1 runed door
Shoals:2 Polyphemus
Orc:1 Josephine


Innate Abilities, Weirdness & Mutations

You are resistant to torment.
Your stone body is resilient. (AC +11)
You are immune to poison.
Your large and strong wings let you fly indefinitely.
You resist negative energy. (rN+)
You are resistant to electric shocks. (rElec)
You can survive without breathing.
You are immune to petrification.
You are immune to rotting.
You have a pair of small horns on your head.


Message History

The black mamba bites you but does no damage.
The black mamba bites you but does no damage.
There is a staircase back to the Lair here.
The black mamba bites you!
* * * LOW HITPOINT WARNING * * *
The black mamba bites you.
* * * LOW HITPOINT WARNING * * *
You climb upwards.
Welcome back to the Lair of Beasts!
There is a staircase to the Snake Pit here.
Unknown command.
Unknown command.
You feel better.
The black mamba bites you but does no damage.
The black mamba bites you!
* * * LOW HITPOINT WARNING * * *
You feel better. The black mamba bites you!
* * * LOW HITPOINT WARNING * * *
You feel better. The black mamba completely misses you.
The black mamba bites you!
You die...

...#......###.....##...#.....##..
...##.............#...##.....#...
...##....#.########...##.....##..
#.P#.....#.......##....##.#####..
..###....#..#.#...##...#...##.#..
.........#.........##............
.........#..#.#.#...##...........
.........#.....S.....##..........
###.##...##...#.@)....##.........
# ####....##......[....####.##...
######.....##...#.#)#..# #.###...
...#......#.##....[....###...##..
..........#..##...#.#..#.....##..
....#......#..##.......###.......
...###.....#...#######.##....#P..
...###....#.......##....##.....PP
P####.....###+.P.###....##...##P.


You could see a black mamba.

Vanquished Creatures
  Kirke (Lair:3)
  Erolcha (D:10)
  3 vault guards
  Harold (Lair:1)
  5 hydras
  4 naga warriors
  Fannar (Lair:3)
  11 anacondas
  Erica (D:8)
  A centaur warrior (D:13)
  A death knight (D:13)
  13 death yaks
  5 naga sharpshooters
  2 salamander mystics (Snake:1)
  3 unseen horrors
  A naga ritualist (Snake:1)
  2 hill giants
  2 lindwurms
  7 mana vipers (Snake:1)
  6 manticores
  An orc sorcerer (D:11)
  An ugly thing (D:9)
  2 fauns
  5 salamanders
  A cyclops (D:13)
  3 sirens
  Joseph (D:9)
  An elephant (Lair:3)
  21 black mambas
  2 water nymphs (Shoals:1)
  11 naga magi (Snake:1)
  6 torpor snails
  8 spiny frogs
  A kobold demonologist (D:13)
  A freezing wraith (D:13)
  6 komodo dragons
  3 merfolk (Shoals:1)
  4 trolls
  4 polar bears
  4 tyrant leeches (Lair:6)
  A two-headed ogre (D:9)
  7 hornets
  10 blink frogs
  4 dream sheep (Lair:5)
  5 hippogriffs
  A water elemental (Shoals:1)
  A spriggan (Lair:3)
  3 wraiths
  7 wyverns
  A shadow (D:11)
  45 yaks
  2 hungry ghosts (D:11)
  Grum (Lair:1)
  2 basilisks
  A warg (Orc:1)
  25 nagas
  19 water moccasins
  A soldier ant (D:9)
  7 porcupines
  9 orc warriors
  3 ice beasts
  2 hornet zombies
  4 ogres
  4 sky beasts
  A necrophage (D:11)
  5 black bears
  2 phantoms
  26 wolves
  6 centaurs
  21 crocodiles
  3 big kobolds
  15 bullfrogs
  2 gnoll sergeants
  A water moccasin zombie (D:7)
  2 wyvern skeletons
  7 scorpions
  7 killer bees
  6 electric eels
  12 wights
  A howler monkey (D:5)
  9 crimson imps
  3 jellies
  2 bullfrog zombies
  11 hounds
  13 orc priests
  A centaur skeleton (D:7)
  2 bullfrog skeletons
  A gnoll shaman (D:11)
  Terence (D:3)
  14 orc wizards
  4 iguanas
  9 worker ants
  A hound zombie (D:6)
  2 hound skeletons
  2 howler monkey zombies
  2 howler monkey skeletons
  10 gnolls
  10 adders
  3 shadow imps
  An adder zombie (D:13)
  4 worms
  A dart slug (D:2)
  6 leopard geckos
  64 orcs
  2 bats (D:3)
  2 giant cockroaches (D:1)
  3 goblins
  4 hobgoblins
  16 jackals
  10 kobolds
  8 quokkas
  A ball python (D:3)
  3 frilled lizards
  A quokka skeleton (D:5)
  6 rats
671 creatures vanquished.

Vanquished Creatures (others)
  4 humans (Snake:1)
  A wolf (D:8)
  23 fungi
  37 plants
65 creatures vanquished.

Grand Total: 736 creatures vanquished

Notes
Turn   | Place    | Note
-------+----------+-------------------------------------------
     0 | D:1      | poirepourri the Gargoyle Earth Elementalist began the quest for the Orb.
     0 | D:1      | Reached XP level 1. HP: 10/10 MP: 3/3
   698 | D:1      | Reached XP level 2. HP: 15/15 MP: 3/5
  1085 | D:2      | Reached XP level 3. HP: 19/19 MP: 0/7
  1408 | D:2      | Learned a level 2 spell: Passwall
  1472 | D:2      | Reached XP level 4. HP: 20/24 MP: 5/9
  1512 | D:2      | Learned a level 3 spell: Stone Arrow
  1517 | D:2      | Learned a level 4 spell: Petrify
  1990 | D:3      | Reached XP level 5. HP: 23/28 MP: 1/11
  2702 | D:3      | Noticed Terence
  2716 | D:3      | Killed Terence
  2832 | D:3      | Found a basalt altar of Yredelemnul.
  2832 | D:3      | Found a burning altar of Makhleb.
  3034 | D:3      | Found a deep blue altar of Sif Muna.
  3035 | D:3      | Found an ancient bone altar of Kikubaaqudgha.
  3035 | D:3      | Found a radiant altar of Vehumet.
  3037 | D:3      | Identified Kikubaaqudgha's Volume of Darkness
  3143 | D:4      | Noticed a centaur
  3146 | D:4      | Killed a centaur
  3146 | D:4      | Reached skill level 5 in Spellcasting
  3146 | D:4      | Reached skill level 5 in Earth Magic
  3146 | D:4      | Reached XP level 6. HP: 25/32 MP: 7/13
  3738 | D:4      | Learned a level 5 spell: Lee's Rapid Deconstruction
  3744 | D:5      | Entered Level 5 of the Dungeon
  3889 | D:5      | Reached XP level 7. HP: 36/36 MP: 3/15
  4059 | D:5      | Found a staircase to the Ecumenical Temple.
  4080 | Temple   | Entered the Ecumenical Temple
  5156 | D:3      | Became a worshipper of Vehumet
  5207 | D:5      | Reached XP level 8. HP: 40/41 MP: 12/18
  5380 | D:5      | Reached skill level 1 in Conjurations
  5718 | D:6      | Noticed a dagger
  5718 | D:6      | Noticed a hand axe
  5720 | D:6      | Found a hide-covered altar of Uskayaw.
  7107 | D:7      | Found an iron altar of Okawaru.
  7477 | D:7      | Got a twisted ring mail
  7490 | D:7      | Identified the cursed +0 ring mail of the Forgotten Hells {+Inv MR+ Str-2} (You found it on level 7 of the Dungeon)
  7506 | D:7      | Reached * piety under Vehumet
  7506 | D:7      | Offered knowledge of Freeze by Vehumet.
  7526 | D:7      | Reached XP level 9. HP: 36/46 MP: 2/21
  8649 | D:7      | Found a bloodstained altar of Trog.
  8651 | D:7      | Found a snail-covered altar of Cheibriados.
  8652 | D:7      | Found a blossoming altar of Fedhas.
  8819 | D:8      | Found a sparkling altar of Nemelex Xobeh.
  8836 | D:8      | Reached skill level 1 in Armour
  8903 | D:8      | Noticed Erica
  8904 | D:8      | Noticed a troll
  9129 | D:8      | Reached skill level 1 in Fighting
  9973 | D:8      | Reached ** piety under Vehumet
 10124 | D:8      | Offered knowledge of Searing Ray by Vehumet.
 10213 | D:8      | Reached skill level 10 in Spellcasting
 10213 | D:8      | Reached XP level 10. HP: 42/54 MP: 3/24
 11300 | D:8      | Found a staircase to the Lair.
 11387 | D:8      | Killed Erica
 12087 | D:9      | Reached skill level 5 in Conjurations
 12674 | D:9      | Offered knowledge of Inner Flame by Vehumet.
 12898 | D:9      | Noticed Joseph
 12906 | D:9      | Killed Joseph
 13150 | D:9      | Got a twitching gossamer ring
 13159 | D:9      | Identified the ring "Pon Leu" {rC+ MR++ Int+2} (You found it on level 9 of the Dungeon)
 13852 | D:9      | Reached *** piety under Vehumet
 14057 | D:9      | Reached XP level 11. HP: 59/59 MP: 19/26
 14137 | D:9      | Noticed a brown ugly thing
 14175 | D:9      | Killed a brown ugly thing
 14510 | D:9      | Offered knowledge of Olgreb's Toxic Radiance by Vehumet.
 14675 | D:9      | Found Garobro's Book Shop.
 14880 | D:10     | Entered Level 10 of the Dungeon
 15071 | D:10     | Reached skill level 10 in Earth Magic
 15351 | D:10     | Noticed Erolcha
 15357 | D:10     | Killed Erolcha
 16249 | D:10     | Reached **** piety under Vehumet
 16654 | D:11     | Offered knowledge of Airstrike by Vehumet.
 17229 | D:10     | Noticed a hill giant
 17235 | D:10     | Killed a hill giant
 17792 | D:11     | Found Vilayca's Armour Shoppe.
 17795 | D:11     | Found a staircase to the Orcish Mines.
 18366 | D:11     | Noticed a hill giant
 18372 | D:11     | Killed a hill giant
 18372 | D:11     | Reached XP level 12. HP: 64/64 MP: 15/29
 18654 | D:11     | Reached skill level 5 in Stealth
 19403 | D:11     | Reached ***** piety under Vehumet
 19486 | D:11     | Offered knowledge of Orb of Destruction by Vehumet.
 19998 | D:12     | Found Otuf's Weapon Shop.
 20715 | Lair:1   | Entered Level 1 of the Lair of Beasts
 20921 | Lair:1   | Noticed Harold
 20930 | Lair:1   | Killed Harold
 21057 | Lair:1   | Identified a scroll of acquirement
 21060 | Lair:1   | Got a pitted hat
 21071 | Lair:1   | Identified the +1 hat "Maonaw" {rN+ Regen+ Str+4} (You acquired it on level 1 of the Lair of Beasts)
 21134 | Lair:1   | Noticed Grum
 21147 | Lair:1   | Killed Grum
 22161 | Lair:2   | Found a staircase to the Shoals.
 22488 | Lair:2   | Noticed a six-headed hydra
 22498 | Lair:2   | Killed a six-headed hydra
 22714 | Lair:2   | Noticed a death yak
 22714 | Lair:2   | Noticed a death yak
 22715 | Lair:2   | Noticed a death yak
 22715 | Lair:2   | Noticed a death yak
 22716 | Lair:2   | Noticed a death yak
 22733 | Lair:2   | Noticed a death yak
 22737 | Lair:2   | Killed a death yak
 23117 | Lair:2   | Got a fine war axe
 23146 | Lair:1   | Killed a death yak
 23150 | Lair:1   | Reached XP level 13. HP: 42/68 MP: 16/31
 25117 | Lair:2   | Offered knowledge of Conjure Ball Lightning by Vehumet.
 25182 | Lair:2   | Learned a level 6 spell: Conjure Ball Lightning
 25508 | Lair:3   | Noticed Fannar
 25808 | Lair:3   | Killed Fannar
 26097 | Lair:3   | Found a staircase to the Snake Pit.
 27127 | Lair:3   | Identified the cursed +0 war axe of the Sage {protect, *Contam Int+3 Dex+3} (You found it on level 2 of the Lair of Beasts)
 27160 | Lair:3   | Gained mutation: You expend magic power (3 MP) to strengthen your wands. [mutagenic glow]
 27695 | Lair:4   | Reached skill level 5 in Armour
 28801 | Lair:4   | Reached skill level 15 in Spellcasting
 28801 | Lair:4   | Gained mutation: Your large and strong wings let you fly indefinitely. [Gargoyle growth]
 28801 | Lair:4   | Reached XP level 14. HP: 74/74 MP: 14/33
 29107 | Lair:4   | Lost mutation: You expend magic power (3 MP) to strengthen your wands. [potion of cure mutation]
 30222 | Lair:5   | Found a runed door.
 30224 | Lair:5   | Found a viscous altar of Jiyva.
 30224 | Lair:5   | Noticed an acid blob
 30225 | Lair:5   | Found a staircase to the Slime Pits.
 30225 | Lair:5   | Noticed an acid blob
 30225 | Lair:5   | Noticed an acid blob
 30226 | Lair:5   | Noticed an acid blob
 31716 | Lair:6   | Entered Level 6 of the Lair of Beasts
 32970 | Lair:6   | Found a runed door.
 35651 | Lair:6   | Reached skill level 15 in Earth Magic
 35858 | Snake:1  | Entered Level 1 of the Snake Pit
 36201 | Snake:1  | Offered knowledge of Venom Bolt by Vehumet.
 36394 | Snake:1  | Reached XP level 15. HP: 76/78 MP: 23/35
 36821 | Snake:1  | Noticed Kirke
 37001 | Lair:3   | Killed Kirke
 41221 | Snake:2  | Offered knowledge of Spellforged Servitor by Vehumet.
 41230 | Snake:2  | Learned a level 7 spell: Spellforged Servitor
 42233 | Lair:2   | Got an ichor-stained chain mail
 42342 | D:8      | Reached skill level 10 in Conjurations
 42727 | D:13     | Gained mutation: You have a pair of small horns on your head. [mutagenic meat]
 43627 | Lair:6   | HP: 2/78 [death yak (11)]
 44138 | Shoals:1 | Entered Level 1 of the Shoals
 44496 | Shoals:1 | Reached XP level 16. HP: 83/83 MP: 30/37
 45125 | Shoals:2 | Noticed Polyphemus
 45360 | Orc:1    | Entered Level 1 of the Orcish Mines
 45362 | Orc:1    | Noticed Josephine
 45375 | D:11     | Bought a +2 cloak for 181 gold pieces
 46838 | Snake:1  | HP: 4/83 [black mamba (6)]
 46842 | Lair:3   | Slain by a black mamba

Vault maps used:
D:1:      evilmike_arrival_crescent
D:2:      roderic_curled_sauvastika
D:3:      grunt_temple_overflow_magic_moments, amethyst_overflow_temple_binary,
          uniq_terence
D:4:      first_bread
D:5:      grunt_decor_cap, corexii_item_surrounded_by_moat,
          minmay_misc_feat_nine_boxes
D:6:      dancing_weapons_uskayaw, portal_sewer_entry_e
D:7:      kennysheep_mini, minitemple, kennysheep_generic_room_5
D:8:      erik_lair_island, basic_altar, uniq_erica
D:9:      serial_shops, nicolae_shop_trees, hangedman_pestilent_swarm,
          onia_ninara_dug_in_and_dangerous, uniq_joseph
D:10:     uniq_erolcha
D:11:     orc_david_3
D:12:     serial_shops, shop
D:13:     erik_vaults_2
Temple:   minmay_freezing_vapour_temple
Lair:1:   lightli_volcano_entry_magma_tube, infiniplex_staircase_pool_2,
          uniq_harold, uniq_grum
Lair:2:   minmay_shoals_entry_lonely_mermaid
Lair:3:   minmay_snake_entry_guardpost_large, grunt_forest_large_clearing_hut,
          serial_bayou_shore_a, uniq_fannar
Lair:4:   serial_bayou_lake_a, lemuel_fruit_tree
Lair:5:   slime_altar_2, grunt_forest_large_clearings
Lair:6:   wormcave, infiniplex_staircase_pool, serial_bayou_shore_b
Shoals:2: serial_shops, nicolae_shop_behind_doors, ldierk_geyser,
          uniq_polyphemus
Snake:1:  grunt_ministairs_13, grunt_megastairs_5, uniq_kirke
Snake:2:  minmay_shop_grove
Orc:1:    uniq_josephine

Skill      XL: |  1  2  3  4  5  6  7  8  9 10 11 12 13 14 15 16 |
---------------+-------------------------------------------------+-----
Spellcasting   | 3 4 5 7 8 10 11 13 14 15 16 17 | 17.3
Earth Magic    | 4 5 6 7 8 9 11 12 13 15 16 17 | 17.2
Conjurations   | 2 4 5 6 7 8 9 10 | 10.7
Dodging        | 2 3 4 |  4.8
Armour         | 1 3 4 5 |  5.1
Fighting       | 2 3 |  3.2
Stealth        | 4 7 8 |  8.8
Throwing       | |  0.1
Transmutations | |  0.7
Evocations     | |  0.1

Action                   |  1- 3 |  4- 6 |  7- 9 | 10-12 | 13-15 | 16-18 || total
-------------------------+-------+-------+-------+-------+-------+-------++-------
Melee: Unarmed           |       |       |    20 |     4 |       |       ||    24
       Dire flail        |       |       |       |       |     7 |       ||     7
Throw: Stone             |       |       |       |       |     5 |       ||     5
 Cast: Sandblast         |    39 |    79 |    59 |    44 |   225 |       ||   446
       Stone Arrow       |       |    12 |   164 |   319 |   641 |   110 ||  1246
       Lee's Rapid Decon |       |       |       |    88 |   179 |     5 ||   272
       Passwall          |       |       |       |     1 |       |       ||     1
Evoke: Wand              |       |       |       |     3 |     1 |       ||     4
  Use: Scroll            |     5 |     8 |     9 |    12 |    30 |     1 ||    65
       Potion            |       |       |     7 |     3 |    11 |     4 ||    25
  Eat: Bread ration      |     1 |       |     3 |     1 |     4 |     1 ||    10
       Meat ration       |       |     1 |     1 |     3 |     3 |       ||     8
       Pizza             |       |     1 |       |     1 |     1 |       ||     3
       Beef jerky        |       |       |     1 |     4 |       |       ||     5
       Fruit             |       |       |       |     4 |    43 |       ||    47
       Royal jelly       |       |       |       |    10 |     1 |       ||    11
       Chunk             |       |       |       |       |     1 |     2 ||     3
Armor: Robe              |     5 |    20 |    35 |       |       |       ||    60
       Ring mail         |       |       |    56 |   139 |   564 |    53 ||   812
Dodge: Dodged            |     8 |    38 |   101 |   122 |   469 |    43 ||   781
